 Dungeon Crawl Stone Soup version 0.26-a0-682-g294304f6e8 (webtiles) character file.

Game seed: 8645947809471966029

119113 Kinoniko the Blocker (level 16, -3/129 HPs)
             Began as a Gnoll Fighter on Oct 21, 2020.
             Was the Champion of Okawaru.
             Killed by divine providence
             ... invoked by an orc priest
              (10 damage)
             ... on level 2 of the Orcish Mines.
             The game lasted 00:57:18 (29666 turns).

Kinoniko the Blocker (Gnoll Fighter)               Turns: 29666, Time: 00:57:19

Health: -3/129     AC: 27    Str: 22    XL:     16   Next: 78%
Magic:  0/31       EV: 18    Int: 14    God:    Okawaru [******]
Gold:   1991       SH: 22    Dex: 25    Spells: 25/37 levels left

rFire    + . .     SeeInvis +   P - +10 rapier "Kogoylo" {elec, rC+ SInv}
rCold    + + +     Faith    +   v - +2 tower shield {rC+ rF+}
rNeg     + + +     Spirit   +   u - +5 scale mail of the Pure Ships {*Contam rC+ rN++ SInv}
rPois    .         Reflect  .   s - +2 hat of the Bear Spirit {Spirit, +Rage rN+ MR++}
rElec    .         Harm     .   y - +0 cloak
rCorr    .         Rampage  .   X - +2 pair of gloves {archery}
MR       ++++.                  L - +0 pair of boots "Kyklec" {MR+ Int+4 SInv}
Stlth    ++++......             F - amulet of faith
HPRegen  0.31/turn              B - +6 ring of dexterity
MPRegen  0.22/turn              p - +4 ring of protection

@: finesse, berserk cooldown, stab, hasted and slowed
A: distributed training, fangs 1, strong nose
a: Heroism, Finesse, Renounce Religion, Evoke Berserk Rage


You were on level 2 of the Orcish Mines.
You worshipped Okawaru.
Okawaru was exalted by your worship.
You visited 3 branches of the dungeon, and saw 23 of its levels.
You also visited: Gauntlet, Ice Cave and Volcano.

You collected 1991 gold pieces.

Inventory:

Hand Weapons
 P - the +10 rapier "Kogoylo" (weapon) {elec, rC+ SInv}
   (You found it on level 5 of the Dungeon)

   Occasionally, upon striking a foe, it will discharge some electrical energy
   and cause terrible harm.
   It protects you from cold.
   It lets you see invisible.
 V - a +5 triple sword of holy wrath
Missiles
 t - 30 boomerangs (quivered)
 Y - 7 atropa-tipped darts
Armour
 d - the +1 hat "Polone" {+Blink Int-3 Dex+7 Stlth-}
   (Okawaru gifted it to you on level 15 of the Dungeon)

   It affects your intelligence (-3).
   It affects your dexterity (+7).
   It lets you blink.
   It makes you less stealthy.
 s - the +2 hat of the Bear Spirit (worn) {Spirit, +Rage rN+ MR++}
   (You found it in a Gauntlet)

   It protects you from negative energy.
   It affects your resistance to hostile enchantments.
   It lets you go berserk.
 u - the +5 scale mail of the Pure Ships (worn) {*Contam rC+ rN++ SInv}
   (You found it on level 4 of the Dungeon)

   It protects you from cold.
   It greatly protects you from negative energy.
   It lets you see invisible.
   It causes magical contamination when unequipped.
 v - a +2 tower shield of resistance (worn)
 y - a +0 cloak (worn)
 L - the +0 pair of boots "Kyklec" (worn) {MR+ Int+4 SInv}
   (You found it in a Gauntlet)

   It affects your intelligence (+4).
   It affects your resistance to hostile enchantments.
   It lets you see invisible.
 T - the +3 crown of Dyrovepreva {rElec Int+2 SInv}
   (You found it on level 4 of the Lair of Beasts)

   It affects your intelligence (+2).
   It insulates you from electricity.
   It lets you see invisible.
 X - a +2 pair of gloves of archery (worn)
Jewellery
 a - an uncursed amulet of the acrobat
 f - an uncursed ring of fire
 p - a +4 ring of protection (right hand)
 w - an uncursed amulet of reflection
 B - a +6 ring of dexterity (left hand)
 F - an amulet of faith (around neck)
 H - an uncursed ring of protection from magic
 K - an uncursed ring of protection from magic
Wands
 b - a wand of digging (10)
 o - a wand of iceblast (7)
 z - a wand of disintegration (11)
 I - a wand of paralysis (7)
 M - a wand of acid (7)
Scrolls
 c - a scroll of fear
 h - 15 scrolls of remove curse
 i - 6 scrolls of teleportation
 q - 3 scrolls of identify
 r - a scroll of holy word
 C - 4 scrolls of fog
 E - 6 scrolls of amnesia
 J - a scroll of magic mapping
 S - a scroll of silence
Potions
 e - 3 potions of stabbing
 g - 4 potions of resistance
 j - 7 potions of mutation
 k - 2 potions of cancellation
 l - 3 potions of brilliance
 m - 5 potions of flight
 n - 19 potions of curing
 x - 3 potions of haste
 N - a potion of berserk rage
 Z - 2 potions of magic
Miscellaneous
 D - a lightning rod (4/4)
 U - a phial of floods


   Skills:
 + Level 12.6 Fighting
 + Level 11.0 Short Blades
 + Level 11.0 Long Blades
 + Level 11.8 Axes
 + Level 11.0 Maces & Flails
 + Level 11.0 Polearms
 + Level 11.0 Staves
 + Level 11.0 Slings
 + Level 11.0 Bows
 + Level 11.0 Crossbows
 + Level 11.0 Throwing
 + Level 12.6 Armour
 + Level 11.0 Dodging
 + Level 11.0 Stealth
 + Level 12.6 Shields
 + Level 11.0 Unarmed Combat
 + Level 11.0 Spellcasting
 + Level 9.4 Conjurations
 + Level 9.4 Hexes
 + Level 9.4 Summonings
 + Level 9.4 Necromancy
 + Level 9.4 Translocations
 + Level 9.4 Transmutations
 + Level 9.4 Fire Magic
 + Level 9.4 Ice Magic
 + Level 9.4 Air Magic
 + Level 9.4 Earth Magic
 + Level 9.4 Poison Magic
 + Level 11.9 Invocations
 + Level 11.0 Evocations


You had 25 spell levels left.
You knew the following spells:

 Your Spells              Type           Power        Failure   Level
a - Animate Skeleton      Necr           ####..       1%          1
b - Cause Fear            Hex            ####......   21%         4
c - Vampiric Draining     Necr           ####......   6%          3
d - Animate Dead          Necr           ####......   21%         4

Your spell library contained the following spells:

 Spells                   Type           Power        Failure   Level
 Corona                   Hex            ####...      1%          1
 Foxfire                  Conj/Fire      ####         1%          1
 Pain                     Necr           ####         1%          1
 Ensorcelled Hibernation  Hex/Ice        ####..       3%          2
 Slow                     Hex            ####....     3%          2
 Conjure Flame            Conj/Fire      ####....     6%          3
 Gell's Gravitas          Tloc           ####......   6%          3
 Inner Flame              Hex/Fire       ####....     6%          3
 Portal Projectile        Hex/Tloc       ####..       6%          3
 Leda's Liquefaction      Hex/Erth       ####......   21%         4
 Sticky Flame             Conj/Fire      ####....     21%         4
 Agony                    Necr           ####....     50%         5
 Bolt of Magma            Conj/Fire/Erth ####......   50%         5
 Borgnjor's Vile Clutch   Necr/Erth      ####......   50%         5
 Fireball                 Conj/Fire      ####......   50%         5
 Irradiate                Conj/Tmut      ####......   50%         5
 Iskenderun's Battlesphe  Conj           ####....     50%         5
 Silence                  Hex/Air        ####......   50%         5
 Summon Demon             Summ           ####......   50%         5
 Summon Forest            Summ/Tloc      ####......   50%         5
 Summon Mana Viper        Hex/Summ       ####....     50%         5
 Dispersal                Tloc           ####......   97%         6
 Hydra Form               Tmut           ####......   97%         6
 Iron Shot                Conj/Erth      ####......   97%         6
 Shadow Creatures         Summ           N/A          97%         6
 Statue Form              Tmut/Erth      ####.....    97%         6
 Dragon Form              Tmut           ####......   100%        7
 Orb of Destruction       Conj           ####......   100%        7
 Spellforged Servitor     Conj/Summ      ####......   100%        7
 Summon Hydra             Summ           ####......   100%        7
 Disjunction              Tloc           ####......   100%        8


Dungeon Overview and Level Annotations

Branches:
Dungeon (15/15)            Temple (0/1) D:4            Lair (6/6) D:10
 Shoals (0/4) Lair:4        Snake (0/4) Lair:4        Slime (0/5) Lair:6
    Orc (2/2) D:9             Elf (0/3) Orc:2        Vaults (0/5) D:14
 Depths (0/5) D:15          IceCv (visited)         Volcano (visited)
Gauntlet (visited)

Altars:
Cheibriados
Elyvilon
Fedhas
Gozag
Makhleb
Nemelex Xobeh
Okawaru
Qazlal
Sif Muna
Trog
Vehumet
Beogh

Shops:
D:7 =[   D:8 [[((   D:10 :=*   D:12 *

Annotations:
D:5 2 runed translucent doors, EnegeticOcto's ghost, novice GrAE
D:8 3 runed translucent doors, anet's ghost, novice HaCj
D:12 2 transporters, Uppao's ghost, adept OpDe
Lair:2 exclusion: oklob plant
Lair:6 exclusion: 4 oklob plants


Innate Abilities, Weirdness & Mutations

Your experience applies equally to all skills.
You have very sharp teeth.
Your uncanny sense of smell can sniff out nearby items.


Message History

You block the orc's attack. x2
You puncture the orc warrior!
Lightning courses through the orc warrior!
You kill the orc warrior!
Okawaru accepts your kill. You block the orc's attack.
The orc priest closely misses you. The orc warrior misses you.
You puncture the orc!
You kill the orc!
You block the orc priest's attack. The orc completely misses you.
You block the orc's attack.
You feel like a meek peon again.
The orc priest casts a cantrip, but nothing happens.
You block the orc's attack. The orc priest completely misses you.
Items here: ))))) [[[ ††.
You barely miss the orc priest. You block the orc's attack. x2
You block the orc wizard's attack. You block the orc's attack.
The orc priest mumbles some strange prayers to Beogh against you.
Beogh smites you!
You die...

##.........
#####...######..........
.........................
.................<.......
...$.....................
............o............
#$.......................
......$oo................
.$....oo@..#.............
......#ooo.$.............
##$..))o..#.............
##......)...$...#........
#.....))[......#.........
......).)..$#............
......)))........#.......
.........$........#......
.........#...............


You could see 2 orc warriors, 3 orc priests, an orc wizard and 3 orcs.

Vanquished Creatures
  Kirke (D:15)
  Agnes (D:14)
  A dire elephant (D:15)
  5 entropy weavers
  A minotaur (Gauntlet)
  9 hydras
  4 vault guards (D:14)
  3 boulder beetles
  Erica (D:9)
  3 ghost crabs (Lair:5)
  7 centaur warriors
  2 death knights (D:15)
  A dancing weapon (Volcano)
  3 death yaks (Lair:6)
  6 two-headed ogres
  A hell hog (Gauntlet)
  2 tengu warriors (D:15)
  2 orc high priests (Orc:2)
  5 fire crabs (Lair:5)
  7 skeletal warriors
  2 unseen horrors
  6 wizards
  2 phantasmal warriors (D:15)
  A necromancer (IceCv)
  6 orc knights
  2 orc sorcerers (Orc:2)
  A wolf spider (Gauntlet)
  2 ugly things
  2 wolf spider zombies
  3 deep elf magi
  2 manticores
  6 cyclopes
  2 apocalypse crabs (Lair:5)
  2 black mambas
  5 toenail golems (Volcano)
  A gargoyle (D:11)
  3 ice statues (IceCv)
  Maggie (D:7)
  A minotaur zombie (Gauntlet)
  19 cane toads
  5 centaur skeletons
  2 rime drakes (Lair:6)
  3 kobold demonologists (D:15)
  3 freezing wraiths (D:15)
  6 ice devils (IceCv)
  9 komodo dragons
  An efreet (D:15)
  2 jumping spiders (Gauntlet)
  4 polar bears
  6 trolls
  6 meliai (D:14)
  3 hornets
  5 slime creatures
  8 dream sheep
  26 blink frogs
  2 wraiths
  A tarantella (Lair:4)
  2 redbacks (Lair:4)
  11 spriggans (Lair:6)
  8 wyverns
  43 yaks
  Sigmund (D:2)
  3 fire bats (Gauntlet)
  4 basilisks
  3 hogs (D:15)
  A warg (Orc:1)
  A soldier ant (D:12)
  7 vampire mosquitoes
  2 nagas (Lair:4)
  Edmund (D:4)
  15 water moccasins
  3 acid dragons
  5 hell hounds
  3 ice beasts
  41 orc warriors
  5 black bears
  A necrophage (D:13)
  A phantom (D:5)
  3 sky beasts
  5 ogres
  An eye of draining (D:7)
  23 wolves
  5 boggarts (Lair:6)
  33 centaurs
  6 big kobolds
  19 bullfrogs
  A wyvern zombie (D:13)
  2 wyvern skeletons
  4 scorpions
  11 killer bees
  13 wights
  5 howler monkeys
  An electric eel (D:10)
  2 centaur zombies
  A quasit (D:11)
  2 draconian simulacra (IceCv)
  11 hounds
  2 bullfrog zombies
  29 orc wizards
  23 orc priests
  A bullfrog skeleton (D:10)
  3 jellies
  Natasha (twice) (D:2)
  Jessica (D:2)
  8 iguanas
  2 troll simulacra (IceCv)
  A spriggan simulacrum (IceCv)
  9 worker ants
  2 centaur simulacra (IceCv)
  A hound skeleton (D:11)
  Robin (D:4)
  12 gnolls
  A naga simulacrum (IceCv)
  2 ogre simulacra (IceCv)
  6 adders
  3 white imps
  3 ufetubi
  An ooze (D:7)
  An adder skeleton (D:4)
  3 worms
  3 dart slugs
  4 leopard geckos
  107 orcs
  A ball python (D:2)
  6 bats
  8 giant cockroaches
  19 goblins
  13 hobgoblins
  17 jackals
  26 kobolds
  4 quokkas
  6 frilled lizards
  A jackal zombie (D:5)
  11 rats
878 creatures vanquished.

Vanquished Creatures (others)
  2 humans (D:15)
  An orc priest (Orc:2)
  An orc (D:10)
  A kobold (D:15)
  14 demonic plants (Gauntlet)
  10 fungi
  25 plants
  10 toadstools (Lair:2)
64 creatures vanquished.

Grand Total: 942 creatures vanquished

Notes
Turn   | Place    | Note
-------+----------+-------------------------------------------
     0 | D:1      | Kinoniko the Gnoll Fighter began the quest for the Orb.
     0 | D:1      | Reached XP level 1. HP: 23/23 MP: 1/1
    88 | D:1      | Reached XP level 2. HP: 28/29 MP: 2/2
   450 | D:1      | Reached XP level 3. HP: 27/35 MP: 3/3
   775 | D:2      | Reached skill level 1 in Invocations
   781 | D:2      | Noticed Natasha
   785 | D:2      | Reached skill level 1 in Short Blades
   785 | D:2      | Reached skill level 1 in Long Blades
   785 | D:2      | Reached skill level 1 in Maces & Flails
   785 | D:2      | Reached skill level 1 in Polearms
   785 | D:2      | Reached skill level 1 in Staves
   785 | D:2      | Reached skill level 1 in Slings
   785 | D:2      | Reached skill level 1 in Bows
   785 | D:2      | Reached skill level 1 in Crossbows
   785 | D:2      | Reached skill level 1 in Throwing
   785 | D:2      | Reached skill level 1 in Dodging
   785 | D:2      | Reached skill level 1 in Stealth
   785 | D:2      | Reached skill level 1 in Unarmed Combat
   785 | D:2      | Reached skill level 1 in Spellcasting
   785 | D:2      | Reached skill level 1 in Evocations
   789 | D:2      | Killed Natasha
   789 | D:2      | Reached XP level 4. HP: 34/41 MP: 5/5
   796 | D:2      | Reached skill level 1 in Conjurations
   796 | D:2      | Reached skill level 1 in Hexes
   796 | D:2      | Reached skill level 1 in Summonings
   796 | D:2      | Reached skill level 1 in Necromancy
   796 | D:2      | Reached skill level 1 in Translocations
   796 | D:2      | Reached skill level 1 in Transmutations
   796 | D:2      | Reached skill level 1 in Fire Magic
   796 | D:2      | Reached skill level 1 in Ice Magic
   796 | D:2      | Reached skill level 1 in Air Magic
   796 | D:2      | Reached skill level 1 in Earth Magic
   796 | D:2      | Reached skill level 1 in Poison Magic
   997 | D:2      | Found a stormy altar of Qazlal.
   997 | D:2      | Found a radiant altar of Vehumet.
  1000 | D:2      | Found a burning altar of Makhleb.
  1003 | D:2      | Reached XP level 5. HP: 47/47 MP: 6/6
  1006 | D:2      | Found a bloodstained altar of Trog.
  1059 | D:2      | Noticed Natasha
  1066 | D:2      | Killed Natasha
  1092 | D:2      | Noticed Sigmund
  1092 | D:2      | Noticed Jessica
  1102 | D:2      | Killed Jessica
  1107 | D:2      | Killed Sigmund
  1107 | D:2      | Reached skill level 5 in Axes
  1107 | D:2      | Reached XP level 6. HP: 19/53 MP: 7/9
  1536 | D:2      | Found an iron altar of Okawaru.
  1540 | D:2      | Became a worshipper of Warmaster Okawaru
  1586 | D:3      | Found a blossoming altar of Fedhas.
  1809 | D:3      | Reached XP level 7. HP: 51/59 MP: 10/10
  2531 | D:4      | Noticed Robin
  2537 | D:4      | Killed Robin
  2648 | D:4      | Noticed Edmund
  2662 | D:4      | Killed Edmund
  2732 | D:4      | Reached * piety under Okawaru
  2775 | D:4      | Got a scorched scale mail
  2786 | D:4      | Identified the +5 scale mail of the Pure Ships {*Contam rC+
                  | rN++ SInv} (You found it on level 4 of the Dungeon)
  2794 | D:4      | Found a staircase to the Ecumenical Temple.
  2951 | D:4      | Reached XP level 8. HP: 65/67 MP: 12/12
  3274 | D:5      | Entered Level 5 of the Dungeon
  3487 | D:5      | Reached ** piety under Okawaru
  4069 | D:5      | Found a runed translucent door.
  4071 | D:5      | Noticed EnegeticOcto's ghost (novice GrAE)
  4133 | D:5      | Found a runed translucent door.
  4360 | D:6      | Reached XP level 9. HP: 72/72 MP: 14/14
  5125 | D:6      | Found a shimmering blue altar of Sif Muna.
  5857 | D:7      | Found Ydoat's Antique Armour Emporium.
  5885 | D:7      | Reached *** piety under Okawaru
  6099 | D:7      | Found Rimoizou's Jewellery Shop.
  6221 | D:7      | Noticed Maggie
  6232 | D:7      | Killed Maggie
  6232 | D:7      | Reached skill level 5 in Invocations
  6675 | D:7      | Reached XP level 10. HP: 63/80 MP: 9/17
  7271 | D:8      | Found a runed translucent gate.
  7271 | D:8      | Found a runed translucent gate.
  7271 | D:8      | Found a runed translucent gate.
  7286 | D:8      | Reached skill level 5 in Short Blades
  7286 | D:8      | Reached skill level 5 in Long Blades
  7286 | D:8      | Reached skill level 5 in Maces & Flails
  7286 | D:8      | Reached skill level 5 in Polearms
  7286 | D:8      | Reached skill level 5 in Staves
  7286 | D:8      | Reached skill level 5 in Slings
  7286 | D:8      | Reached skill level 5 in Bows
  7286 | D:8      | Reached skill level 5 in Crossbows
  7286 | D:8      | Reached skill level 5 in Throwing
  7286 | D:8      | Reached skill level 5 in Dodging
  7286 | D:8      | Reached skill level 5 in Stealth
  7286 | D:8      | Reached skill level 5 in Unarmed Combat
  7286 | D:8      | Reached skill level 5 in Spellcasting
  7286 | D:8      | Reached skill level 5 in Evocations
  7366 | D:8      | Found Yriot's Weapon Shop.
  7369 | D:8      | Found Jentuna's Antique Weapon Emporium.
  7389 | D:8      | Noticed anet's ghost (novice HaCj)
  7592 | D:8      | Found Idion's Armour Shoppe.
  7630 | D:8      | Found Xuaqew's Antique Armour Emporium.
  7950 | D:9      | Noticed Erica
  7970 | D:9      | Killed Erica
  7970 | D:9      | Reached **** piety under Okawaru
  8064 | D:9      | Found a staircase to the Orcish Mines.
  8188 | D:9      | Found a sparkling altar of Nemelex Xobeh.
  8509 | D:10     | Entered Level 10 of the Dungeon
  8509 | D:10     | Found Pixined's Jewellery Shop.
  8620 | D:10     | Found Ziwio's Book Shop.
  9064 | D:10     | Reached ***** piety under Okawaru
  9067 | D:10     | Found a staircase to the Lair.
  9208 | D:10     | Found Ozail's Assorted Antiques.
  9507 | D:10     | Reached XP level 11. HP: 80/87 MP: 19/19
  9911 | D:10     | Received a gift from Okawaru
  9959 | D:10     | Noticed a manticore
  9969 | D:10     | Killed a manticore
  9969 | D:10     | Reached skill level 5 in Conjurations
  9969 | D:10     | Reached skill level 5 in Hexes
  9969 | D:10     | Reached skill level 5 in Summonings
  9969 | D:10     | Reached skill level 5 in Necromancy
  9969 | D:10     | Reached skill level 5 in Translocations
  9969 | D:10     | Reached skill level 5 in Transmutations
  9969 | D:10     | Reached skill level 5 in Fire Magic
  9969 | D:10     | Reached skill level 5 in Ice Magic
  9969 | D:10     | Reached skill level 5 in Air Magic
  9969 | D:10     | Reached skill level 5 in Earth Magic
  9969 | D:10     | Reached skill level 5 in Poison Magic
 10437 | D:5      | Got a pitted rapier
 10438 | D:5      | Identified the +10 rapier "Kogoylo" {elec, rC+ SInv} (You
                  | found it on level 5 of the Dungeon)
 10582 | Lair:1   | Entered Level 1 of the Lair of Beasts
 10631 | Lair:1   | Noticed a five-headed hydra
 10838 | Lair:1   | Killed a five-headed hydra
 10838 | Lair:1   | Received a gift from Okawaru
 10916 | Lair:1   | Noticed a four-headed hydra
 10960 | Lair:1   | Killed a four-headed hydra
 11024 | Lair:1   | Received a gift from Okawaru
 11630 | Lair:1   | Reached XP level 12. HP: 95/96 MP: 22/22
 12786 | Lair:2   | Found a dark tunnel.
 12888 | Volcano  | Entered a volcano
 13079 | Volcano  | Reached skill level 10 in Fighting
 13079 | Volcano  | Reached skill level 10 in Armour
 13079 | Volcano  | Reached skill level 10 in Shields
 13671 | Lair:2   | You fall into a shaft and drop 1 floor!
 13674 | Lair:3   | Noticed a five-headed hydra
 13675 | Lair:3   | Received a gift from Okawaru
 13696 | Lair:3   | Killed a five-headed hydra
 13716 | Lair:3   | Reached XP level 13. HP: 69/103 MP: 19/24
 14889 | Lair:2   | Found a blossoming altar of Fedhas.
 15089 | Lair:4   | Found a staircase to the Snake Pit.
 15309 | Lair:4   | Found a staircase to the Shoals.
 15390 | Lair:4   | Found a frozen archway.
 15399 | IceCv    | Entered an ice cave
 16044 | IceCv    | Received a gift from Okawaru
 16407 | Lair:4   | Received a gift from Okawaru
 16836 | Lair:4   | Found a runed translucent door.
 17930 | Lair:5   | Found a runed translucent door.
 18309 | Lair:4   | Found the +3 crown of Dyrovepreva {rElec Int+2 SInv}
 18312 | Lair:4   | Got a pitted whip
 18357 | Lair:4   | Identified the +8 whip of the Unliving {vorpal, +Inv rPois
                  | rC+} (You found it on level 4 of the Lair of Beasts)
 19105 | Lair:5   | Noticed an entropy weaver
 19128 | Lair:5   | Killed an entropy weaver
 19128 | Lair:5   | Reached XP level 14. HP: 101/111 MP: 19/26
 19139 | Lair:5   | Reached skill level 10 in Axes
 19145 | Lair:5   | Noticed an entropy weaver
 19160 | Lair:5   | Killed an entropy weaver
 19212 | Lair:5   | Received a gift from Okawaru
 19231 | Lair:5   | Noticed an entropy weaver
 19326 | Lair:5   | Killed an entropy weaver
 19428 | Lair:5   | Noticed an entropy weaver
 19432 | Lair:5   | Killed an entropy weaver
 19442 | Lair:5   | Reached ****** piety under Okawaru
 19443 | Lair:5   | Paralysed by you for 5 turns
 19462 | Lair:5   | Got a pair of ancient boots
 19490 | Lair:5   | Identified the +0 pair of boots of the Accordion {+Fly}
                  | (You found it on level 5 of the Lair of Beasts)
 19574 | Lair:6   | Entered Level 6 of the Lair of Beasts
 19634 | Lair:6   | Received a gift from Okawaru
 19634 | Lair:6   | Reached skill level 10 in Invocations
 19768 | Lair:6   | Found a staircase to the Slime Pits.
 20242 | Lair:6   | Received a gift from Okawaru
 20286 | Lair:6   | Received a gift from Okawaru
 21166 | D:11     | Found a gate leading to a gauntlet.
 21193 | D:11     | Got an iridescent dagger
 21204 | Gauntlet | Entered a Gauntlet
 21204 | Gauntlet | Found a transporter.
 21204 | Gauntlet | Found a transporter.
 21204 | Gauntlet | Found a transporter.
 21204 | Gauntlet | Noticed an entropy weaver
 21207 | Gauntlet | Found a transporter.
 21208 | Gauntlet | Found a transporter.
 21211 | Gauntlet | Found the +2 hat of the Bear Spirit {Spirit, +Rage rN+
                  | MR++}
 21220 | Gauntlet | Found a transporter.
 21283 | Gauntlet | Found a transporter.
 21293 | Gauntlet | Found a transporter.
 21308 | Gauntlet | Found a transporter.
 21318 | Gauntlet | Found a transporter.
 21333 | Gauntlet | Found a transporter.
 21339 | Gauntlet | Found a transporter.
 21410 | Gauntlet | Killed an entropy weaver
 21481 | Gauntlet | Received a gift from Okawaru
 21493 | Gauntlet | Reached XP level 15. HP: 94/119 MP: 18/28
 21523 | Gauntlet | Got a pair of polished boots
 21524 | Gauntlet | Identified the +0 pair of boots "Kyklec" {MR+ Int+4 SInv}
                  | (You found it in a Gauntlet)
 22335 | D:11     | Identified the +5 dagger "Xojum" {flame, Str+2 Dex+2} (You
                  | found it on level 11 of the Dungeon)
 22449 | D:12     | Found a transporter.
 22480 | D:12     | Received a gift from Okawaru
 22522 | D:12     | Found a roughly hewn altar of Beogh.
 22553 | D:12     | Found Ejoeroy's Assorted Antiques.
 22859 | D:12     | Found an opulent altar of Gozag.
 23046 | D:12     | Reached skill level 10 in Short Blades
 23046 | D:12     | Reached skill level 10 in Long Blades
 23046 | D:12     | Reached skill level 10 in Maces & Flails
 23046 | D:12     | Reached skill level 10 in Polearms
 23046 | D:12     | Reached skill level 10 in Staves
 23046 | D:12     | Reached skill level 10 in Slings
 23046 | D:12     | Reached skill level 10 in Bows
 23046 | D:12     | Reached skill level 10 in Crossbows
 23046 | D:12     | Reached skill level 10 in Throwing
 23046 | D:12     | Reached skill level 10 in Dodging
 23046 | D:12     | Reached skill level 10 in Stealth
 23046 | D:12     | Reached skill level 10 in Unarmed Combat
 23046 | D:12     | Reached skill level 10 in Spellcasting
 23046 | D:12     | Reached skill level 10 in Evocations
 23369 | D:12     | Identified the cursed +1 dire flail of Evisceration
                  | {vorpal, +Rage rF++ Dex+4}
 23370 | D:12     | Noticed Uppao's ghost (adept OpDe)
 23383 | D:12     | Found a transporter.
 23936 | D:13     | Received a gift from Okawaru
 25000 | D:14     | Found a gate to the Vaults.
 25619 | D:14     | Received a gift from Okawaru
 25619 | D:14     | Reached XP level 16. HP: 106/127 MP: 25/30
 25827 | D:14     | Found a white marble altar of Elyvilon.
 25839 | D:14     | Noticed Agnes
 25855 | D:14     | Killed Agnes
 26261 | D:15     | Entered Level 15 of the Dungeon
 26302 | D:15     | Noticed Kirke
 26304 | D:15     | Identified the +5 falchion of the Eternal Void {vorpal, rN+
                  | Str+2 Dex+2}
 26333 | D:15     | Killed Kirke
 26357 | D:15     | Paralysed by a hornet for 2 turns
 26857 | D:15     | Received a gift from Okawaru
 26873 | D:15     | Got a heavily runed hat {god gift}
 27210 | D:15     | Identified the +1 hat "Polone" {+Blink Int-3 Dex+7 Stlth-}
                  | (Okawaru gifted it to you on level 15 of the Dungeon)
 27303 | D:15     | Learned a level 1 spell: Animate Skeleton
 27308 | D:15     | Learned a level 4 spell: Cause Fear
 27312 | D:15     | Learned a level 3 spell: Vampiric Draining
 27317 | D:15     | Learned a level 4 spell: Animate Dead
 27540 | D:15     | HP: 4/193 [mirror damage (14)]
 28167 | D:15     | Found a snail-covered altar of Cheibriados.
 28435 | D:15     | Found a staircase to the Depths.
 28692 | Orc:1    | Entered Level 1 of the Orcish Mines
 28771 | Orc:1    | Found a roughly hewn altar of Beogh.
 29465 | Orc:2    | Entered Level 2 of the Orcish Mines
 29568 | Orc:2    | Found a staircase to the Elven Halls.
 29650 | Orc:2    | HP: 4/129 [orc high priest/+0 long sword of distortion (7)]
 29666 | Orc:2    | Killed from afar by an orc priest

Illustrated notes

Levels and vault maps discovered:
D:1:      lemuel_arrival_funnel, layout_basic, grunt_decor_arrowhead
D:2:      layout_rooms, grunt_temple_overflow_cloverleaf, marbit_many_paths,
          uniq_jessica, uniq_sigmund, uniq_natasha
D:3:      layout_rooms, nicolae_overflow_crystal_walls
D:4:      layout_basic, minmay_temple_entry_large_hall, uniq_edmund, uniq_robin
D:5:      layout_loops_ring, ebering_ghost_sewer_f
D:6:      layout_layer_cave, led_sif_pool
D:7:      layout_loops_cross, serial_rivers, chequers_serial_rivers_micro_e,
          chequers_serial_rivers_micro_a, chequers_serial_rivers_micro_e,
          chequers_serial_rivers_micro_c, chequers_serial_rivers_large_a,
          chequers_serial_rivers_small_a, serial_shops, shop, shop, uniq_maggie
D:8:      cheibrodos_iron_armory, layout_rooms, gammafunk_ghost_icy,
          serial_shops, nicolae_shop_trees, nicolae_shop_behind_doors, shop,
          nicolae_shop_statue_plus, grunt_ministairs_15
D:9:      layout_loops_cross, lemuel_crystal_altar, hiddenorc1_lemuel,
          uniq_erica
D:10:     cheibrodos_barr_body, layout_basic, david_lair_shrubbed, serial_shops,
          shop, nicolae_shop_trees, nicolae_shop_crystal, grunt_ministairs_12
D:11:     layout_basic, gauntlet_entry_generic, wad_floor_pattern_1
D:12:     layout_basic, gammafunk_ghost_smash, basic_altar, special_room
          [special_room_orc], serial_shops, shop
D:13:     layout_roguey, minmay_strange_pillars, serial_park_tiny_2
D:14:     layout_roguey, lightli_vaults_fourway_checkpoint, elyvilon_altar_3,
          uniq_agnes
D:15:     hangedman_depths_entry_try_elsewhere_first, layout_basic,
          cheibriados_altar_1, uniq_kirke
Lair:1:   layout_small_grid, grunt_megastairs_4
Lair:2:   layout_small_grid, enter_volcano_3, tgw_fedhas,
          infiniplex_staircase_pool_2
Lair:3:   layout_cave_shapes, lemuel_fruit_fields
Lair:4:   gammafunk_indiana_jones, layout_loops_ring,
          minmay_shoals_entry_centaurs, minmay_snake_entry_guardpost_small,
          portal_ice_cave_entry_pillars_2
Lair:5:   gammafunk_mikee_crab_dinner, layout_regular_city
Lair:6:   minmay_lair_end_enchanted_forest, layout_hall_layers,
          minmay_slime_entry_oklob_open
Orc:1:    emtedronai_trogs_sanctum, layout_caves, serial_shops, basic_altar
Orc:2:    st_orc_mages, layout_caves, uniq_azrael

Skill      XL: |  1  2  3  4  5  6  7  8  9 10 11 12 13 14 15 16 |
---------------+-------------------------------------------------+-----
Invocations    | 1 2 3 4 5 6 7 8 9 10 11 | 11.9
Short Blades   | 1 2 3 4 5 6 7 8 9 10 11 | 11.0
Long Blades    | 1 2 3 4 5 6 7 8 9 10 11 | 11.0
Maces & Flails | 1 2 3 4 5 6 7 8 9 10 11 | 11.0
Polearms       | 1 2 3 4 5 6 7 8 9 10 11 | 11.0
Staves         | 1 2 3 4 5 6 7 8 9 10 11 | 11.0
Slings         | 1 2 3 4 5 6 7 8 9 10 11 | 11.0
Bows           | 1 2 3 4 5 6 7 8 9 10 11 | 11.0
Crossbows      | 1 2 3 4 5 6 7 8 9 10 11 | 11.0
Throwing       | 1 2 3 4 5 6 7 8 9 10 11 | 11.0
Dodging        | 1 2 3 4 5 6 7 8 9 10 11 | 11.0
Stealth        | 1 2 3 4 5 6 7 8 9 10 11 | 11.0
Unarmed Combat | 1 2 3 4 5 6 7 8 9 10 11 | 11.0
Spellcasting   | 1 2 3 4 5 6 7 8 9 10 11 | 11.0
Evocations     | 1 2 3 4 5 6 7 8 9 10 11 | 11.0
Conjurations   | 1 2 3 4 5 6 7 8 9 |  9.4
Hexes          | 1 2 3 4 5 6 7 8 9 |  9.4
Summonings     | 1 2 3 4 5 6 7 8 9 |  9.4
Necromancy     | 1 2 3 4 5 6 7 8 9 |  9.4
Translocations | 1 2 3 4 5 6 7 8 9 |  9.4
Transmutations | 1 2 3 4 5 6 7 8 9 |  9.4
Fire Magic     | 1 2 3 4 5 6 7 8 9 |  9.4
Ice Magic      | 1 2 3 4 5 6 7 8 9 |  9.4
Air Magic      | 1 2 3 4 5 6 7 8 9 |  9.4
Earth Magic    | 1 2 3 4 5 6 7 8 9 |  9.4
Poison Magic   | 1 2 3 4 5 6 7 8 9 |  9.4
Axes           | 5 6 7 8 9 10 11 | 11.8
Fighting       | 7 8 9 10 11 12 | 12.6
Armour         | 7 8 9 10 11 12 | 12.6
Shields        | 7 8 9 10 11 12 | 12.6

Action                   |  1- 3 |  4- 6 |  7- 9 | 10-12 | 13-15 | 16-18 || total
-------------------------+-------+-------+-------+-------+-------+-------++-------
Melee: War axe           |    65 |   106 |    72 |       |       |       ||   243
       Bite              |     3 |    11 |    50 |    89 |   289 |    79 ||   521
       Dire flail        |       |       |   262 |   281 |       |       ||   543
       Unarmed           |       |       |     5 |       |       |       ||     5
       Rapier            |       |       |       |   261 |  1265 |   231 ||  1757
       Whip              |       |       |       |       |   127 |       ||   127
       Triple sword      |       |       |       |       |    31 |   181 ||   212
       Punch             |       |       |       |       |       |     5 ||     5
 Fire: Shortbow          |       |       |    12 |       |       |       ||    12
Throw: Boomerang         |       |       |       |       |       |     5 ||     5
 Cast: Animate Dead      |       |       |       |       |       |     2 ||     2
Invok: Heroism           |       |       |     3 |    16 |    19 |     4 ||    42
       Finesse           |       |       |       |     2 |     5 |     5 ||    12
 Abil: Evoke Berserk Rag |       |       |       |       |     7 |     5 ||    12
Evoke: Lightning rod     |       |       |       |     4 |     2 |       ||     6
       Wand              |       |       |       |       |     1 |       ||     1
  Use: Potion            |       |     1 |     3 |     5 |     6 |     2 ||    17
       Scroll            |       |       |    16 |    11 |    25 |     2 ||    54
 Stab: Invisible         |       |       |     2 |       |       |       ||     2
       Sleeping          |       |       |     2 |    15 |    42 |     4 ||    63
       Distracted        |       |       |       |       |     4 |       ||     4
Armor: Scale mail        |    28 |    39 |   171 |   185 |   352 |   138 ||   913
Dodge: Dodged            |    20 |    28 |   224 |   334 |   603 |   396 ||  1605
Block: Kite shield       |    27 |    64 |    52 |   116 |   690 |       ||   949
       Tower shield      |       |       |       |       |   127 |   245 ||   372
       Rpst.: Triple sword |       |       |       |       |     7 |    48 ||    55

Table legend: (Time is in decaauts)
 A = Elapsed time spent in this place.
 B = Non-inter-level travel time spent in this place.
 C = Inter-level travel time spent in this place.
 D = Time resting spent in this place.
 E = Time spent auto-exploring this place.
 F = Levels seen in this place.
 G = Mean time per level.
                   A        B        C        D        E       F      G
               +--------+--------+--------+--------+--------+-----+--------+
         Total |  29272 |  27091 |   2181 |   8269 |  13203 |  26 | 1125.8 |
       Dungeon |  18497 |  16990 |   1507 |   5289 |   8616 |  15 | 1233.1 |
          Lair |   7938 |   7311 |    627 |   1895 |   3950 |   6 | 1323.0 |
  Orcish Mines |    825 |    779 |     46 |    235 |    279 |   2 |  412.5 |
      Ice Cave |    859 |    859 |      0 |    450 |      5 |   1 |  859.0 |
       Volcano |    670 |    670 |      0 |    288 |    183 |   1 |  670.0 |
      Gauntlet |    481 |    481 |      0 |    110 |    170 |   1 |  481.0 |
               +--------+--------+--------+--------+--------+-----+--------+

Top non-repeatable levels by time:
    D:15: 2316 daAuts
    D:10: 2132 daAuts
  Lair:5: 1835 daAuts
    D:14: 1721 daAuts
     D:6: 1561 daAuts
  Lair:1: 1531 daAuts
     D:7: 1406 daAuts
    D:12: 1348 daAuts
  Lair:6: 1341 daAuts
     D:5: 1172 daAuts
     D:9: 1148 daAuts
  Lair:4: 1141 daAuts
  Lair:3: 1087 daAuts
  Lair:2: 1002 daAuts
     D:3: 990 daAuts
